 Dungeon Crawl Stone Soup version 0.22.1-1-ga44c0e56f4 (webtiles) character file.

7316 Jannitor the Cleaver (level 11, -1/99 HPs)
             Began as a Hill Orc Summoner on Nov 6, 2018.
             Was a Priest of Beogh.
             Slain by a hippogriff (2 damage)
             ... on level 10 of the Dungeon.
             The game lasted 00:28:59 (14872 turns).

Jannitor the Cleaver (Hill Orc Summoner)           Turns: 14872, Time: 00:29:01

Health: -1/99      AC:  4    Str: 15    XL:     11   Next: 13%
Magic:  21/26      EV: 19    Int: 15    God:    Beogh [***...]
Gold:   494        SH:  5    Dex: 16    Spells: 5/14 levels left

rFire    . . .     SeeInvis .   H - +1 war axe (venom)
rCold    . . .     Gourm    .   k - +0 buckler
rNeg     . . .     Faith    .   C - +0 steam dragon scales
rPois    .         Spirit   .   f - +0 helmet
rElec    .         Reflect  .   F - +0 cloak
rCorr    .         Harm     .   (no gloves)
MR       +....                  (no boots)
Stlth    +++.......             (no amulet)
HPRegen  0.26/turn              h - ring of magical power
MPRegen  0.20/turn              u - ring of protection from magic

@: agile, about to teleport, marked, corroded
A: blurry vision 1, shaggy fur 1
a: Smiting, Renounce Religion


You were on level 10 of the Dungeon.
You worshipped Beogh.
Beogh was most pleased with you.
You were not hungry.

You visited 1 branch of the dungeon, and saw 10 of its levels.
You also visited: Sewer.

You collected 494 gold pieces.

Inventory:

Hand Weapons
 b - a +0 war axe
 l - a +0 hand axe
 H - a +1 war axe of venom (weapon)
Armour
 a - a +0 robe
 f - a +0 helmet (worn)
 i - a +0 leather armour
 k - a +0 buckler (worn)
 m - a +0 chain mail
 C - +0 steam dragon scales (worn)
 F - a +0 cloak (worn)
 I - a +0 shield
Jewellery
 h - a ring of magical power (left hand)
 u - a ring of protection from magic (right hand)
 G - a +3 ring of evasion {unknown}
Wands
 n - a wand of iceblast (18)
 p - a wand of acid (9)
 E - a wand of random effects (31)
Scrolls
 d - 2 scrolls of enchant weapon {unknown}
 g - 4 scrolls of remove curse
 q - a scroll of fear {unknown}
 r - 4 scrolls of teleportation
 v - 3 scrolls of identify
 w - a scroll of random uselessness {unknown}
 x - a scroll of noise {unknown}
 y - a scroll of brand weapon {unknown}
 A - a scroll of holy word {unknown}
 K - a scroll of amnesia {unknown}
Potions
 o - a potion of mutation
 s - a potion of resistance
 t - a potion of curing
 z - a potion of might
 B - a potion of flight
 D - a potion of brilliance
Comestibles
 c - 11 rations
 J - 5 chunks of flesh


   Skills:
 + Level 10.0 Fighting
 + Level 10.2 Axes
 + Level 3.2 Dodging
 - Level 1.5 Stealth
 - Level 4.0 Shields
 - Level 2.3 Spellcasting
 + Level 9.4 Summonings
 + Level 8.6 Invocations


You had 5 spell levels left.
You knew the following spells:

 Your Spells              Type           Power        Failure   Level  Hunger
a - Summon Small Mammal   Summ           ####         1%          1    #......
b - Call Imp              Summ           ####....     1%          2    ###....
c - Call Canine Familiar  Summ           ####....     1%          3    ###....
d - Summon Guardian Gole  Hex/Summ       ###.....     10%         3    ###....

Your spell library contained the following spells:

 Spells                   Type           Power        Failure   Level  Hunger
 Animate Skeleton         Necr           N/A          22%         1    #......
 Apportation              Tloc           #.....       22%         1    #......
 Confusing Touch          Hex            #.....       22%         1    #......
 Corona                   Hex            #......      22%         1    #......
 Summon Ice Beast         Ice/Summ       ###.....     30%         4    #####..
 Summon Lightning Spire   Summ/Air       ###.....     30%         4    #####..
 Ensorcelled Hibernation  Hex/Ice        #.....       32%         2    ###....
 Confuse                  Hex            #.......     54%         3    ###....
 Dazzling Spray           Conj/Hex       #.....       54%         3    ###....
 Tukima's Dance           Hex            #.......     54%         3    ###....


Dungeon Overview and Level Annotations

Branches:
Dungeon (10/15)            Temple (0/1) D:4             Orc (0/2) D:10
   Lair: D:8-11

Altars:
Hepliaklqana
Okawaru
Ru
Uskayaw
Vehumet
Xom
The Shining One

Shops:
D:9 }

Annotations:
D:2 Terence
D:4 Ijyb
D:10 Urug


Innate Abilities, Weirdness & Mutations

Scrolls take you a little longer to read.
You are covered in fur. (AC +1)


Message History

The leopard gecko closely misses you.
Urug throws a javelin.
The javelin closely misses you.
Your orc sorcerer hits the hippogriff with a dagger.
Your rust devil hits the hippogriff.
Your rust devil corrodes the hippogriff!
The hippogriff bites your orc sorcerer! The hippogriff pecks your orc sorcerer.
The hippogriff claws your orc sorcerer.
Your sun demon closely misses the hippogriff.
The leopard gecko bites you.
* * * LOW HITPOINT WARNING * * *
The leopard gecko moves out of view.
You see here a javelin.
Unknown command.
You swap places.
Your rust devil hits the hippogriff.
Your rust devil corrodes the hippogriff!
Your orc sorcerer casts a spell.
Your sun demon closely misses the hippogriff.
The leopard gecko bites your orc sorcerer but does no damage.
The hippogriff closely misses you. The hippogriff pecks you.
You die...

...........#.#.# ...
####.........#.# #
.....#######.#.#+##.#..
.............#......#.##
####.....##......†......
............))..........
...#####.#..o..####..##.
... #.#.#.3l)4H....#
.#######.#.#.#(o@3#..$#
...........#.####)....#
#######...#.....l....#
#..o####.##....#
#........ .......
#########....#. ..#.#.#
..O.@...)%..... ....# #
..o.o$..)....@o. .....
.########........ #.####


You could see Urug, a hippogriff, 2 leopard geckos, a friendly sun demon, a
friendly rust devil, a friendly sixfirhy and a friendly orc sorcerer.

Vanquished Creatures
  Harold (D:10)
  A two-headed ogre (D:9)
  Erica (D:10)
  An orc knight (D:10)
  A human (D:7)
  Duvessa (D:7)
  A sky beast (D:9)
  2 orc warriors
  An ice beast (D:5)
  3 ogres
  3 centaurs
  A big kobold (D:9)
  Blork the orc (D:4)
  3 bullfrogs
  Dowan (D:7)
  A water moccasin skeleton (D:6)
  A scorpion (D:6)
  2 killer bees
  3 wights (D:9)
  A howler monkey (D:7)
  3 crimson imps
  A quasit (D:9)
  A jelly (D:10)
  5 orc priests
  4 hounds
  6 orc wizards
  An iguana (D:10)
  3 worker ants
  4 ogre zombies (D:10)
  2 hound skeletons
  2 worker ant zombies
  7 gnolls (D:6)
  A howler monkey skeleton (D:4)
  3 adders
  A shadow imp (D:7)
  An ooze (D:3)
  2 adder skeletons
  A worm (D:3)
  4 leopard geckos
  14 orcs
  2 ball pythons
  A bat (D:2)
  7 giant cockroaches
  2 hobgoblins
  A jackal (D:10)
  6 quokkas
  8 frilled lizards
  3 goblins (D:2)
  A goblin skeleton (D:10)
  3 hobgoblin skeletons (D:10)
  A hobgoblin zombie (D:10)
  5 kobolds (D:9)
  3 orc skeletons (D:10)
  11 orc zombies (D:10)
  2 rats (D:3)
152 creatures vanquished.

Vanquished Creatures (collateral kills)
  An orc knight (D:10)
  Maurice (D:9)
  A steam dragon (D:9)
  4 hogs (D:7)
  A hungry ghost (D:10)
  An orc warrior (D:9)
  4 phantoms
  A black bear (D:7)
  6 ogres
  A bullfrog (Sewer)
  A scorpion (D:5)
  A troll zombie (D:10)
  A wyvern skeleton (D:10)
  A killer bee (D:8)
  A wight (D:9)
  A howler monkey (D:7)
  2 hounds
  A centaur skeleton (D:10)
  An orc priest (D:9)
  10 orc wizards
  3 ogre zombies (D:10)
  A hound zombie (D:8)
  7 gnolls
  6 adders
  An ooze (D:2)
  A leopard gecko (D:2)
  8 orcs
  3 giant cockroaches
  3 goblins
  3 hobgoblins
  A jackal (D:10)
  A quokka (D:2)
  A bat (D:1)
  7 frilled lizards
  A hobgoblin zombie (D:10)
  5 kobolds
  5 orc zombies (D:10)
  5 rats
103 creatures vanquished.

Vanquished Creatures (others)
  An orc warrior (D:10)
  2 orcs (D:9)
  A hobgoblin (D:3)
  A frilled lizard (D:3)
  A rat (D:3)
6 creatures vanquished.

Grand Total: 261 creatures vanquished

Notes
Turn   | Place    | Note
-------+----------+-------------------------------------------
     0 | D:1      | Jannitor the Hill Orc Summoner began the quest for the Orb.
     0 | D:1      | Reached XP level 1. HP: 14/14 MP: 3/3
   211 | D:1      | Found a glowing golden altar of the Shining One.
   320 | D:1      | Reached skill level 1 in Fighting
   474 | D:1      | Reached XP level 2. HP: 22/23 MP: 0/4
   570 | D:1      | Learned a level 2 spell: Call Imp
   781 | D:2      | Noticed Terence
  1039 | D:2      | Reached XP level 3. HP: 22/29 MP: 0/5
  1688 | D:2      | Found a faded altar of an unknown god.
  2071 | D:3      | Reached XP level 4. HP: 27/37 MP: 6/6
  2278 | D:3      | Found a shimmering altar of Xom.
  2450 | D:3      | Found a sacrificial altar of Ru.
  2450 | D:3      | Found a radiant altar of Vehumet.
  2450 | D:3      | Found a hazy altar of Hepliaklqana.
  2451 | D:3      | Found a glowing golden altar of the Shining One.
  2452 | D:3      | Found an iron altar of Okawaru.
  2455 | D:3      | Found a hide-covered altar of Uskayaw.
  2494 | D:3      | Became a worshipper of Beogh the Brigand
  3246 | D:4      | Reached skill level 1 in Axes
  3246 | D:4      | Reached skill level 5 in Summonings
  3261 | D:4      | Reached XP level 5. HP: 25/45 MP: 4/7
  3388 | D:4      | Noticed Ijyb
  3389 | D:4      | Found a glowing drain.
  3394 | D:4      | Noticed a phantom
  3398 | Sewer    | Entered a sewer
  3653 | Sewer    | Gained mutation: Scrolls take you a little longer to read.
                  | [potion of mutation]
  3653 | Sewer    | Gained mutation: You are covered in fur. (AC +1) [potion of
                  | mutation]
  3953 | Sewer    | Learned a level 3 spell: Call Canine Familiar
  3973 | Sewer    | Reached XP level 6. HP: 30/52 MP: 2/8
  4459 | D:4      | Reached * piety under Beogh
  4719 | D:4      | Found a staircase to the Ecumenical Temple.
  4988 | D:4      | Killed a phantom
  4988 | D:4      | Reached skill level 1 in Shields
  5179 | D:4      | Noticed Blork the orc
  5215 | D:5      | Entered Level 5 of the Dungeon
  5394 | D:5      | Noticed an ice beast
  5404 | D:5      | Killed an ice beast
  5404 | D:5      | Reached XP level 7. HP: 60/60 MP: 9/9
  5560 | D:5      | Reached skill level 5 in Fighting
  5804 | D:5      | Found a shimmering altar of Xom.
  6860 | D:6      | Reached ** piety under Beogh
  6996 | D:6      | Reached XP level 8. HP: 66/69 MP: 10/10
  7042 | D:6      | Reached skill level 5 in Axes
  7789 | D:7      | You fall through a shaft!
  8142 | D:8      | Reached skill level 1 in Invocations
  8160 | D:8      | Found a shimmering altar of Xom.
  8397 | D:7      | Noticed Dowan
  8399 | D:7      | Noticed Duvessa
  8418 | D:7      | Killed Duvessa
  8427 | D:7      | Killed Dowan
  8866 | D:7      | Reached XP level 9. HP: 65/78 MP: 12/12
 10835 | D:9      | Reached skill level 5 in Invocations
 11329 | D:9      | Reached *** piety under Beogh
 11399 | D:9      | Found Naaptof's Gadget Emporium.
 11955 | D:5      | Found a shimmering altar of Xom.
 12235 | D:4      | Killed Blork the orc
 12807 | D:9      | Reached XP level 10. HP: 86/90 MP: 14/14
 13301 | D:9      | Noticed a two-headed ogre
 13312 | D:9      | Killed a two-headed ogre
 13323 | D:9      | Noticed Maurice
 13341 | D:9      | Killed Maurice
 13434 | D:9      | Learned a level 3 spell: Summon Guardian Golem
 13844 | D:10     | Entered Level 10 of the Dungeon
 13871 | D:10     | Found a staircase to the Orcish Mines.
 14078 | D:10     | Reached **** piety under Beogh
 14285 | D:10     | Noticed an orc knight
 14288 | D:10     | Noticed an enchanted double sword
 14289 | D:10     | Noticed Urug
 14289 | D:10     | Noticed an orc knight
 14289 | D:10     | Noticed Harold
 14297 | D:10     | Killed an orc knight
 14775 | D:10     | Killed an orc knight
 14816 | D:10     | Noticed Erica
 14829 | D:10     | Killed Erica
 14829 | D:10     | Reached skill level 10 in Axes
 14829 | D:10     | Reached XP level 11. HP: 38/99 MP: 17/17
 14857 | D:10     | Killed Harold
 14857 | D:10     | Reached skill level 10 in Fighting
 14868 | D:10     | HP: 2/99 [acid (12)]
 14872 | D:10     | Slain by a hippogriff

Skill      XL: |  1  2  3  4  5  6  7  8  9 10 11 |
---------------+----------------------------------+-----
Fighting       | 1 2 3 4 5 6 8 9 10 | 10.0
Axes           | 1 2 3 4 6 8 10 | 10.2
Summonings     | 5 6 7 8 9 |  9.4
Shields        | 1 3 4 |  4.0
Spellcasting   | 2 |  2.3
Invocations    | 3 6 8 |  8.6
Dodging        | 3 |  3.2
Stealth        | |  1.5

Action                   |  1- 3 |  4- 6 |  7- 9 | 10-12 || total
-------------------------+-------+-------+-------+-------++-------
Melee: Dagger            |    26 |       |       |       ||    26
       Unarmed           |   101 |    50 |       |       ||   151
       Hand axe          |       |    96 |       |       ||    96
       War axe           |       |    42 |   405 |   150 ||   597
 Cast: Summon Small Mamm |    45 |     3 |       |       ||    48
       Call Imp          |     5 |    17 |    45 |       ||    67
       Call Canine Famil |       |     8 |    34 |       ||    42
       Summon Guardian G |       |       |       |     1 ||     1
Invok: Convert to Beogh  |       |     1 |       |       ||     1
       Smiting           |       |       |       |     8 ||     8
       Recall Orcish Fol |       |       |       |     1 ||     1
Evoke: Wand              |       |     2 |     6 |     4 ||    12
  Use: Scroll            |     2 |     5 |     3 |     4 ||    14
       Potion            |       |     4 |     5 |     8 ||    17
 Stab: Sleeping          |     1 |     4 |     2 |       ||     7
       Distracted        |       |     1 |     3 |     1 ||     5
       Paralysed         |       |     4 |     6 |    16 ||    26
       Invisible         |       |       |     2 |       ||     2
  Eat: Chunk             |     5 |    13 |    13 |     1 ||    32
       Ration            |       |       |     6 |     3 ||     9
Armor: Robe              |    27 |    53 |       |       ||    80
       Leather armour    |       |       |   112 |     8 ||   120
       Steam dragon scal |       |       |       |    42 ||    42
Dodge: Dodged            |    98 |   158 |   216 |    72 ||   544
Block: Buckler           |       |     8 |    86 |    34 ||   128
